[ AOE2 MATCH · #505524804 ]
UnrankedKoreans vs Khitans
Player's team · LOSS
Rival team · WIN
[ REPLAY ANALYSIS · EXTRACTED FROM THE RECORDED GAME ]
Feudal
11:01
Castle
—
Imperial
—
| APM avg | 64.6 |
| APM peak | 116 |
| eAPM avg | 23.9 |
| Villagers / military | 28 / 8 |
Focus
⚔️ 52.9% · 🌾 47.1%
Militia ×5 · Spearman ×3
Feudal
8:50
Castle
—
Imperial
—
| APM avg | 70.1 |
| APM peak | 100 |
| eAPM avg | 17.6 |
| Villagers / military | 39 / 2 |
Focus
⚔️ 26.6% · 🌾 73.4%
Scout Cavalry ×2
Match map
Initial resources + every placement click. Lines = walls · curves = elevation contours. ◆ gold · ⬟ stone · ● berries · ✦ relic · ◌ wall gap
Your base· Open — unwalled flank
只会打步弓's base· Open — 8t gap
Smoothed initial terrain · ◌ = detected wall gap · hover for details
Inputs per minute
— DS_Erick307 - - 只会打步弓
Build order — DS_Erick307
63 actions detected in the replay
| 0:00 | Queue | Villager (Male) |
| 0:01 | Queue | Villager (Male) |
| 0:01 | Queue | Villager (Male) |
| 0:02 | Build | House |
| 0:06 | Build | House |
| 0:07 | Queue | Villager (Male) |
| 1:30 | Queue | Villager (Male) |
| 1:59 | Queue | Villager (Male) |
| 1:59 | Queue | Villager (Male) |
| 2:25 | Build | Lumber Camp |
| 2:33 | Queue | Villager (Male) |
| 2:33 | Queue | Villager (Male) |
| 2:48 | Queue | Villager (Male) |
| 3:43 | Queue | Villager (Male) |
| 3:52 | Build | House |
| 3:56 | Queue | Villager (Male) |
| 4:25 | Queue | Villager (Male) |
| 5:06 | Queue | Villager (Male) |
| 5:06 | Queue | Villager (Male) |
| 5:29 | Queue | Villager (Male) |
| 5:32 | Build | Barracks |
| 5:35 | Queue | Villager (Male) |
| 6:05 | Queue | Villager (Male) |
| 6:28 | Queue | Militia |
| 6:28 | Queue | Militia |
| 6:31 | Build | House |
| 6:50 | Queue | Militia |
| 6:50 | Queue | Militia |
| 6:56 | Queue | Militia |
| 7:08 | Build | House |
| 7:27 | Queue | Villager (Male) |
| 7:57 | Build | Mill |
| 8:01 | Queue | Villager (Male) |
| 8:20 | Research | Feudal Age |
| 8:21 | Research | Loom |
| 8:23 | Research | Feudal Age |
| 8:39 | Build | Palisade Wall |
| 8:45 | Build | Palisade Wall |
| 8:58 | Queue | Villager (Male) |
| 9:42 | Build | Palisade Wall |
| 10:19 | Build | Palisade Wall |
| 10:29 | Build | Mining Camp |
| 10:58 | Build | Palisade Wall |
| 11:00 | Build | Palisade Wall |
| 11:01 | Age | Feudal Age |
| 11:03 | Build | Palisade Wall |
| 11:10 | Queue | Spearman |
| 11:11 | Queue | Villager (Male) |
| 11:21 | Build | Market |
| 11:22 | Queue | Villager (Male) |
| 11:40 | Queue | Villager (Male) |
| 11:52 | Queue | Villager (Male) |
| 12:00 | Build | Blacksmith |
| 12:06 | Queue | Villager (Male) |
| 12:14 | Queue | Villager (Male) |
| 12:15 | Build | Farm |
| 12:15 | Build | Farm |
| 12:15 | Build | Farm |
| 12:16 | Build | Farm |
| 12:17 | Queue | Spearman |
| 12:17 | Queue | Spearman |
| 12:33 | Queue | Villager (Male) |
| 12:36 | Build | Farm |
Build order — 只会打步弓
63 actions detected in the replay
| 0:00 | Queue | Villager (Male) |
| 0:00 | Queue | Villager (Male) |
| 0:02 | Build | House |
| 0:03 | Build | House |
| 0:09 | Queue | Villager (Male) |
| 0:19 | Queue | Villager (Male) |
| 1:24 | Queue | Villager (Male) |
| 1:46 | Build | Lumber Camp |
| 2:00 | Queue | Villager (Male) |
| 2:00 | Queue | Villager (Male) |
| 2:15 | Queue | Villager (Male) |
| 2:15 | Queue | Villager (Male) |
| 2:46 | Queue | Villager (Male) |
| 3:12 | Queue | Villager (Male) |
| 3:13 | Queue | Villager (Male) |
| 3:13 | Queue | Villager (Male) |
| 3:27 | Build | House |
| 3:33 | Queue | Villager (Male) |
| 3:34 | Queue | Villager (Male) |
| 3:34 | Queue | Villager (Male) |
| 3:52 | Queue | Villager (Male) |
| 3:52 | Queue | Villager (Male) |
| 4:25 | Build | Mill |
| 4:48 | Queue | Villager (Male) |
| 4:48 | Queue | Villager (Male) |
| 4:48 | Queue | Villager (Male) |
| 5:04 | Queue | Villager (Male) |
| 5:38 | Queue | Villager (Male) |
| 5:55 | Research | Loom |
| 6:29 | Research | Feudal Age |
| 7:12 | Queue | Villager (Male) |
| 7:19 | Build | House |
| 7:31 | Build | Barracks |
| 8:07 | Queue | Villager (Male) |
| 8:50 | Age | Feudal Age |
| 8:52 | Queue | Villager (Male) |
| 8:56 | Build | Stable |
| 9:03 | Queue | Villager (Male) |
| 9:25 | Build | Palisade Wall |
| 9:32 | Queue | Villager (Male) |
| 9:39 | Queue | Scout Cavalry |
| 10:04 | Queue | Scout Cavalry |
| 10:09 | Build | House |
| 10:11 | Build | House |
| 10:13 | Build | House |
| 10:39 | Queue | Villager (Male) |
| 10:41 | Build | Blacksmith |
| 11:08 | Research | Forging |
| 11:10 | Queue | Villager (Male) |
| 11:10 | Queue | Villager (Male) |
| 11:48 | Queue | Villager (Male) |
| 11:48 | Queue | Villager (Male) |
| 11:48 | Queue | Villager (Male) |
| 11:49 | Queue | Villager (Male) |
| 11:51 | Build | Pasture |
| 11:52 | Build | Pasture |
| 12:04 | Build | Pasture |
| 12:13 | Queue | Villager (Male) |
| 12:13 | Queue | Villager (Male) |
| 12:13 | Queue | Villager (Male) |
| 12:15 | Build | Pasture |
| 12:33 | Queue | Villager (Male) |
| 12:37 | Build | House |
Match timeline
| 5:32 | DS_Erick307 · first_building Barracks |
| 7:31 | 只会打步弓 · first_building Barracks |
| 8:39 | DS_Erick307 · wall_segment Palisade Wall x7 |
| 8:45 | DS_Erick307 · wall_segment Palisade Wall x12 |
| 8:50 | 只会打步弓 · age_up feudal |
| 8:56 | 只会打步弓 · first_building Stable |
| 9:25 | 只会打步弓 · wall_segment Palisade Wall x8 |
| 9:42 | DS_Erick307 · wall_segment Palisade Wall x6 |
| 10:19 | DS_Erick307 · wall_segment Palisade Wall x6 |
| 10:58 | DS_Erick307 · wall_segment Palisade Wall x1 |
| 11:00 | DS_Erick307 · wall_segment Palisade Wall x1 |
| 11:01 | DS_Erick307 · age_up feudal |
| 11:03 | DS_Erick307 · wall_segment Palisade Wall x1 |
| 12:42 | DS_Erick307 · resign |
[ AI ANALYSIS · 1 CREDIT ]
What really happened in this match?
Wolo.gg analyzes every decision: build order, eco, micro, common mistakes by bracket. Personalized analysis on WhatsApp or Discord in 30 seconds.
Civ guide
Koreans
Perfil
Jugador #2489786